 Dungeon Crawl Stone Soup version 0.24.0-124-g2791043dd8 (webtiles) character file.

Game seed: 8115442850696748825, levelgen mode: deterministic

30104 1994 the Spear-Bearer (level 13, -3/94 HPs)
             Began as a Demonspawn Gladiator on Feb 15, 2020.
             Was an Elder of Hepliaklqana.
             Slain by a meliai
             ... wielding a +0 hand axe
              (16 damage)
             ... on level 3 of the Lair of Beasts.
             The game lasted 01:02:16 (18939 turns).

1994 the Spear-Bearer (Demonspawn Gladiator)       Turns: 18939, Time: 01:02:17

Health: -3/94      AC: 13    Str: 14    XL:     13   Next: 18%
Magic:  19/19      EV: 18    Int: 13    God:    Hepliaklqana [****..]
Gold:   637        SH:  0    Dex: 21    Spells: 12/12 levels left

rFire    + + +     SeeInvis +   a - +5 trident "Asomuc" {flame, rElec rF++}
rCold    . . .     Gourm    +   (no shield)
rNeg     . . .     Faith    .   z - +1 scale mail {rC+}
rPois    +         Spirit   .   N - +0 helmet of Proximity {rPois MR+ Str-4 SInv}
rElec    +         Reflect  .   m - +2 cloak {MR+}
rCorr    .         Harm     .   y - +0 pair of gloves
MR       ++...                  (no boots)
Stlth    ..........             W - amulet of the gourmand
HPRegen  0.25/turn              h - +4 ring of intelligence
MPRegen  0.16/turn              r - ring of Uluizif {Fire +Fly Dex+4 Stlth-}

@: no status effects
A: reduced essence, hooves 1, repulsion field 1, powered by death 3
a: Recall Ancestor, Ancestor Identity, Transference, Idealise, Renounce
Religion, Evoke Flight


You were on level 3 of the Lair of Beasts.
You worshipped Hepliaklqana.
Hepliaklqana was greatly pleased with you.
You were completely stuffed.

You visited 3 branches of the dungeon, and saw 16 of its levels.

You collected 1075 gold pieces.
You spent 438 gold pieces at shops.

Inventory:

Hand Weapons
 a - the +5 trident "Asomuc" (weapon) {flame, rElec rF++}
   (You found it on level 1 of the Lair of Beasts)

   It has been specially enchanted to burn those struck by it, causing extra
   injury to most foes and up to half again as much damage against particularly
   susceptible opponents.
   It greatly protects you from fire.
   It insulates you from electricity.
 b - a +0 glaive
 C - a +1 dagger of venom
 G - a +2 hunting sling of freezing
Missiles
 d - 7 throwing nets
 g - 56 poisoned darts (quivered)
 l - 565 stones
 q - 148 sling bullets
Armour
 c - a +0 helmet
 m - a +2 cloak of magic resistance (worn)
 y - a +0 pair of gloves (worn)
 z - a +1 scale mail of cold resistance (worn)
 N - the +0 helmet of Proximity (worn) {rPois MR+ Str-4 SInv}
   (You bought it in a shop on level 8 of the Dungeon)

   It affects your strength (-4).
   It protects you from poison.
   It affects your resistance to hostile enchantments.
   It lets you see invisible.
Jewellery
 h - a +4 ring of intelligence (left hand)
 i - an uncursed ring of ice
 r - the ring of Uluizif (right hand) {Fire +Fly Dex+4 Stlth-}
   (You found it on level 2 of the Lair of Beasts)

   [ring of fire]

   It enhances your fire magic.
   It affects your dexterity (+4).
   It protects you from fire.
   It makes you vulnerable to cold.
   It lets you fly.
   It makes you less stealthy.
 H - an uncursed ring of ice
 O - an uncursed ring of positive energy
 W - an amulet of the gourmand (around neck)
Wands
 e - a wand of flame (47)
 E - a wand of digging (4)
 R - a wand of scattershot (5)
 X - a wand of acid (8)
Scrolls
 k - 10 scrolls of remove curse
 n - a scroll of random uselessness {unknown}
 o - 7 scrolls of identify
 p - 2 scrolls of blinking
 t - 3 scrolls of fog
 x - 2 scrolls of vulnerability
 A - 8 scrolls of teleportation
 D - a scroll of noise {unknown}
 I - a scroll of magic mapping {unknown}
 J - a scroll of immolation {unknown}
 Q - a scroll of acquirement {unknown}
Potions
 j - a potion of resistance
 s - 6 potions of curing
 u - 2 potions of ambrosia
 v - 7 potions of heal wounds
 w - 4 potions of might
 K - 2 potions of invisibility
 P - a potion of brilliance
 T - a potion of magic
 U - 5 potions of flight
 V - 2 potions of haste
 Y - 2 potions of lignification
Miscellaneous
 M - a lamp of fire
 Z - a fan of gales
Comestibles
 f - 33 rations
 B - 3 chunks of flesh


   Skills:
 + Level 10.8 Fighting
 * Level 13.7 Polearms
 - Level 1.7 Throwing
 + Level 4.3 Armour
 + Level 10.2 Dodging
 + Level 8.2 Invocations


You had 12 spell levels left.
You didn't know any spells.
Your spell library contained the following spells:

 Spells                   Type           Power        Failure   Level  Hunger
 Beastly Appendage        Tmut           #.....       77%         1    ##.....
 Summon Small Mammal      Summ           #...         77%         1    ##.....
 Call Imp                 Summ           #.......     88%         2    ###....
 Sticks to Snakes         Tmut           #.......     88%         2    ###....
 Call Canine Familiar     Summ           #.......     98%         3    ####...
 Spider Form              Tmut/Pois      #.........   98%         3    ####...
 Summon Guardian Golem    Hex/Summ       #.......     98%         3    ####...
 Ice Form                 Ice/Tmut       #.......     100%        4    #####..
 Summon Ice Beast         Ice/Summ       #.......     100%        4    #####..
 Summon Lightning Spire   Summ/Air       #.......     100%        4    #####..
 Blade Hands              Tmut           #.........   100%        5    ######.


Dungeon Overview and Level Annotations

Branches:
Dungeon (11/15)            Temple (1/1) D:7            Lair (4/6) D:9
 Spider (0/4) Lair:2
  Swamp: Lair:2-4    Shoals: Lair:2-4       Orc: D:9-12

Altars:
Ashenzari
Cheibriados
Dithmenos
Elyvilon
Fedhas
Gozag
Hepliaklqana
Kikubaaqudgha
Makhleb
Nemelex Xobeh
Okawaru
Qazlal
Ru
Sif Muna
Trog
Uskayaw
Vehumet
Wu Jian
Xom
Yredelemnul
Zin
The Shining One

Shops:
D:4 [   D:7 =   D:8 *}*[   D:9 (

Portals:
Trove: D:10 (give +4 fire dragon scales)


Innate Abilities, Weirdness & Mutations

You have large cloven feet.
You are surrounded by a mild repulsion field. (EV +2)
You regenerate a lot of health from kills.
Your life essence is reduced to manifest your ancestor. (-10% HP)


Message History

You completely miss the meliai. You kick the meliai.
The meliai is heavily wounded.
You feel sick.
You are no longer poisoned.
The meliai misses you. The meliai closely misses you.
The meliai hits you but does no damage.
The meliai stings you but does no damage.
Unknown command.
Evoke which item? (* to show all) (? for menu, Esc to quit)
Aiming: Scattershot
Press: ? - help, Shift-Dir - straight line, f - meliai
Aim: a meliai, wielding a +0 hand axe and wearing a +0 robe (heavily wounded, berserk, fast, unusually strong)
The burst of metal fragments hits the meliai. x2
The meliai is severely wounded.
The meliai completely misses you. The meliai stings you!
* * * LOW HITPOINT WARNING * * *
The meliai barely misses you. The meliai stings you.
* * * LOW HITPOINT WARNING * * *
The meliai hits you with a +0 hand axe!
You die...

#### ### #####..#######
##P#####
#..###.#...#.###P..#..##
.......................##
............???.........##
......#.....#..........#.#
......###.####.........###
......##### #..@......#
......#.# ##.y.......#
......#.#####..........#
.......................##
##.###..................#
#####..................###
###......P#.##.....#R#
#....#..P..+......##
#.................#


You could see a meliai (berserk).

Vanquished Creatures
  Snorg (Lair:3)
  3 hydras
  Harold (D:11)
  Erica (D:9)
  A two-headed ogre (D:8)
  An unseen horror (D:10)
  A manticore (D:11)
  An ugly thing (D:11)
  The ghost of brob1 the Covered, a novice MiFi (D:4)
  Joseph (D:9)
  A gargoyle (D:10)
  4 spiny frogs
  A rime drake (Lair:2)
  2 komodo dragons (Lair:1)
  A polar bear (Lair:4)
  8 blink frogs
  2 hippogriffs
  20 yaks
  A basilisk (D:9)
  A human (D:7)
  4 hogs (D:7)
  A hungry ghost (D:11)
  2 water moccasins (Lair:3)
  5 porcupines
  2 ice beasts
  3 orc warriors
  2 sky beasts
  2 phantoms
  4 ogres
  2 necrophages (D:6)
  5 crocodiles
  A big kobold (D:7)
  A wyvern zombie (D:8)
  6 bullfrogs
  2 scorpions
  A killer bee (Lair:4)
  4 howler monkeys
  6 crimson imps
  2 hounds
  A quasit (D:11)
  Crazy Yiuf (D:3)
  4 orc priests
  3 centaur skeletons
  10 orc wizards
  4 iguanas
  11 worker ants
  A killer bee zombie (D:7)
  A basilisk simulacrum (Lair:2)
  A hound skeleton (D:8)
  A howler monkey zombie (D:7)
  11 gnolls
  9 adders
  An ooze (D:4)
  2 adder skeletons
  9 worms
  A dart slug (D:3)
  5 leopard geckos
  57 orcs
  12 bats
  7 giant cockroaches
  4 goblins
  5 hobgoblins
  15 jackals
  2 quokkas
  A ball python (D:2)
  8 frilled lizards
  A giant cockroach zombie (D:6)
  A jackal zombie (D:6)
  7 kobolds
  A quokka skeleton (D:6)
  8 rats
313 creatures vanquished.

Vanquished Creatures (collateral kills)
  The ghost of Xerdoz the Grappler, a journeyman TrHu (Lair:2)
  3 hydras
  A two-headed ogre (D:10)
  A black mamba (Lair:4)
  2 spiny frogs (Lair:3)
  A gargoyle (D:10)
  2 rime drakes
  A komodo dragon (Lair:1)
  2 hornets
  3 hippogriffs
  3 blink frogs
  A vampire (D:10)
  9 yaks
  A soldier ant (D:10)
  A water moccasin (Lair:3)
  2 porcupines
  A sky beast (D:10)
  3 ice beasts
  A phantom (D:8)
  An ogre (D:9)
  2 centaurs
  3 crocodiles
  A big kobold (D:10)
  3 bullfrogs
  A spiny frog simulacrum (Lair:2)
  2 scorpions
  2 killer bees (Lair:4)
  A howler monkey (D:7)
  A crimson imp (D:9)
  A komodo dragon simulacrum (Lair:2)
  A hound (D:9)
  An orc priest (D:8)
  3 orc wizards (D:8)
  4 worker ants
  A killer bee zombie (D:9)
  A bullfrog simulacrum (Lair:2)
  A hound skeleton (D:10)
  2 gnolls (D:8)
  2 adder skeletons
  A leopard gecko (D:10)
  7 orcs
  2 kobolds (D:7)
  2 plants
85 creatures vanquished.

Vanquished Creatures (others)
  4 ancestors
  7 battlemagi
  An orc wizard (D:8)
  2 bushes
  7 fungi
  7 plants
28 creatures vanquished.

Grand Total: 426 creatures vanquished

Notes
Turn   | Place    | Note
-------+----------+-------------------------------------------
     0 | D:1      | 1994 the Demonspawn Gladiator began the quest for the Orb.
     0 | D:1      | Reached XP level 1. HP: 16/16 MP: 1/1
   153 | D:1      | Found an iron altar of Okawaru.
   349 | D:1      | Reached skill level 3 in Polearms
   514 | D:1      | Gained mutation: You regenerate a little health from kills.
                  | [demonic ancestry]
   514 | D:1      | Reached XP level 2. HP: 22/22 MP: 2/2
  1074 | D:2      | Noticed an orc warrior
  1317 | D:1      | Gained mutation: You are surrounded by a mild repulsion
                  | field. (EV +2) [demonic ancestry]
  1317 | D:1      | Reached XP level 3. HP: 19/28 MP: 3/3
  1918 | D:2      | Reached XP level 4. HP: 29/34 MP: 4/4
  2665 | D:2      | Reached skill level 4 in Polearms
  3432 | D:3      | Gained mutation: You regenerate health from kills. [demonic
                  | ancestry]
  3432 | D:3      | Reached XP level 5. HP: 35/41 MP: 5/5
  4072 | D:3      | Found a shimmering altar of Xom.
  4511 | D:3      | Found a runed translucent door.
  4512 | D:3      | Noticed Crazy Yiuf
  4524 | D:3      | Killed Crazy Yiuf
  4524 | D:3      | Reached XP level 6. HP: 43/47 MP: 6/6
  4868 | D:4      | Reached skill level 5 in Polearms
  5098 | D:4      | Noticed an orc warrior
  5337 | D:4      | Found a bloodstained altar of Trog.
  5424 | D:3      | Gained mutation: You have large cloven feet. [demonic
                  | ancestry]
  5424 | D:3      | Reached XP level 7. HP: 50/54 MP: 7/7
  5574 | D:4      | Found Usyr's Armour Shop.
  5630 | D:4      | Reached skill level 6 in Polearms
  5943 | D:4      | Found a shimmering altar of Xom.
  6062 | D:4      | Found a runed translucent door.
  6063 | D:4      | Noticed brob1's ghost (novice MiFi)
  6265 | D:5      | Entered Level 5 of the Dungeon
  7355 | D:6      | Reached skill level 5 in Dodging
  7355 | D:6      | Gained mutation: You regenerate a lot of health from kills.
                  | [demonic ancestry]
  7355 | D:6      | Reached XP level 8. HP: 61/61 MP: 8/8
  7395 | D:6      | Reached skill level 5 in Fighting
  7457 | D:6      | Reached skill level 7 in Polearms
  9129 | D:4      | Killed brob1's ghost
  9129 | D:4      | Reached skill level 8 in Polearms
  9129 | D:4      | Reached XP level 9. HP: 18/69 MP: 9/9
  9467 | D:7      | Found Miquceytz's Jewellery Shoppe.
  9642 | D:7      | Found a staircase to the Ecumenical Temple.
  9649 | Temple   | Entered the Ecumenical Temple
  9838 | Temple   | Became a worshipper of Hepliaklqana the Forgotten
  9900 | D:7      | Found an iron altar of Okawaru.
  9958 | D:7      | Reached skill level 9 in Polearms
 10461 | D:8      | Found Duwaas Fuzi's General Store.
 10462 | D:8      | Found a burning altar of Makhleb.
 10477 | D:8      | Found Ketyfol's Antique Armour Emporium.
 10478 | D:8      | Bought a potion of might for 56 gold pieces
 10592 | D:8      | Bought a faintly glowing helmet for 275 gold pieces
 10602 | D:8      | Identified the +0 helmet of Proximity {rPois MR+ Str-4
                  | SInv} (You bought it in a shop on level 8 of the Dungeon)
 10640 | D:8      | Reached * piety under Hepliaklqana
 10661 | D:8      | Reached XP level 10. HP: 71/71 MP: 10/10
 10683 | D:8      | Found Xonay's Gadget Shoppe.
 10796 | D:8      | Noticed a two-headed ogre
 10828 | D:8      | Killed a two-headed ogre
 10828 | D:8      | Reached skill level 10 in Polearms
 10968 | D:8      | Found Waheat's Assorted Antiques.
 11156 | D:9      | Found a staircase to the Lair.
 11631 | D:9      | Noticed Joseph
 11851 | D:9      | Noticed Erica
 11861 | D:9      | Killed Erica
 12181 | D:9      | Killed Joseph
 12181 | D:9      | Reached skill level 11 in Polearms
 12420 | D:9      | Reached XP level 11. HP: 22/78 MP: 11/11
 12452 | D:9      | Found Wafijaph's Antique Weapon Shop.
 12523 | D:9      | You fall into a shaft and drop 2 floors!
 12599 | D:11     | Reached ** piety under Hepliaklqana
 12600 | D:11     | Remembered your ancestor Ahhotep as a battlemage
 12653 | D:11     | Reached skill level 1 in Invocations
 12742 | D:10     | Entered Level 10 of the Dungeon
 13118 | D:10     | Noticed a two-headed ogre
 13167 | D:10     | Killed a two-headed ogre
 13472 | D:8      | Bought a green potion for 22 gold pieces
 13472 | D:8      | Bought a white potion for 22 gold pieces
 13917 | D:10     | Noticed an unseen horror
 13925 | D:10     | Reached skill level 12 in Polearms
 13946 | D:10     | Killed an unseen horror
 14100 | D:10     | Found a portal to a secret trove of treasure.
 14358 | D:11     | Noticed Harold
 15022 | D:11     | Killed Harold
 15215 | D:11     | Noticed a red ugly thing
 15225 | D:11     | Killed a red ugly thing
 15247 | D:11     | Reached skill level 5 in Invocations
 15450 | D:8      | Bought a +0 pair of gloves for 63 gold pieces
 15488 | Lair:1   | Entered Level 1 of the Lair of Beasts
 15534 | Lair:1   | Reached XP level 12. HP: 58/87 MP: 14/16
 15538 | Lair:1   | Reached skill level 1 in Armour
 15563 | Lair:1   | Reached *** piety under Hepliaklqana
 15728 | Lair:1   | Noticed a seven-headed hydra
 15751 | Lair:1   | Killed a seven-headed hydra
 15982 | Lair:1   | Reached skill level 10 in Fighting
 16004 | Lair:1   | Got an ichor-stained trident
 16005 | Lair:1   | Identified the +5 trident "Asomuc" {flame, rElec rF++} (You
                  | found it on level 1 of the Lair of Beasts)
 16104 | Lair:1   | Noticed a five-headed hydra
 16113 | Lair:1   | Killed a five-headed hydra
 16714 | Lair:2   | Found a hole to the Spider Nest.
 16729 | Lair:2   | Noticed a six-headed hydra
 16747 | Lair:2   | Killed a six-headed hydra
 16779 | Lair:2   | Noticed a five-headed hydra
 16787 | Lair:2   | Killed a five-headed hydra
 17001 | Lair:2   | Reached skill level 13 in Polearms
 17047 | Lair:2   | Noticed an eight-headed hydra
 17240 | Lair:2   | Found a runed translucent gate.
 17240 | Lair:2   | Found a runed translucent gate.
 17241 | Lair:2   | Found a runed translucent gate.
 17255 | Lair:2   | You fall into a shaft and drop 1 floor!
 17295 | Lair:3   | Noticed Snorg
 17302 | Lair:3   | Killed Snorg
 17532 | Lair:2   | Noticed Xerdoz's ghost (journeyman TrHu)
 17632 | Lair:2   | Reached **** piety under Hepliaklqana
 17791 | Lair:2   | Killed an eight-headed hydra
 17968 | Lair:2   | Killed Xerdoz's ghost
 17968 | Lair:2   | Reached skill level 10 in Dodging
 18015 | Lair:2   | Got the ring of Uluizif {Fire}
 18019 | Lair:2   | Identified the ring of Uluizif {Fire +Fly Dex+4 Stlth-}
                  | (You found it on level 2 of the Lair of Beasts)
 18452 | Lair:3   | Reached XP level 13. HP: 80/93 MP: 18/18
 18939 | Lair:3   | Slain by a meliai

Levels and vault maps discovered:
D:1:      lightli_arrival_maybe_door_vault, layout_basic,
          okawaru_ov_weapons_minmay
D:2:      minmay_chambers_of_twos, layout_basic
D:3:      minmay_skewed_foursquare, layout_loops_corners, tgw_xom,
          uniq_crazy_yiuf_cottage
D:4:      layout_loops_ring, grunt_temple_overflow_open, gammafunk_ghost_grave,
          serial_shops, shop, first_ration
D:5:      layout_layer_cave, minmay_misc_feat_encased
D:6:      layout_basic
D:7:      layout_loops_ring, overflow_temple_1_default,
          minmay_temple_entry_purple_smoke, serial_shops, shop, grunt_livestock,
          chequers_mini_garden
D:8:      layout_cave_pools, bloody_makhleb, serial_shops,
          kennysheep_little_box, nicolae_shop_crystal, shop, shop
D:9:      layout_basic, minmay_lair_entry_grove, serial_shops,
          nicolae_shop_temple_entry_statues_fountains, minmay_sticks_and_stones,
          uniq_erica
D:10:     layout_loops_ring, enter_trove_6, minmay_joined_circles
D:11:     layout_basic, uniq_harold
Temple:   eino_narrow_crystal_temple
Lair:1:   layout_loops_ring, chequers_serial_rivers_room_a
Lair:2:   layout_roguey, nicolae_spider_entry_non_spiders, gammafunk_ghost_icy,
          nicolae_lair_grove_arrangements
Lair:3:   layout_chaotic_city, uniq_snorg
Lair:4:   regret_index_wax_grids, layout_cave_shapes, minmay_shoals_entry_hut,
          special_room [special_room_bee], cheibrodos_lair_lostbears,
          grunt_megastairs_4, infiniplex_staircase_pool

Skill      XL: |  1  2  3  4  5  6  7  8  9 10 11 12 13 |
---------------+----------------------------------------+-----
Polearms       | 3 4 5 6 8 9 11 12 13 | 13.7
Dodging        | 3 4 5 6 7 8 9 10 | 10.2
Fighting       | 3 4 6 7 8 9 10 | 10.8
Invocations    | 5 7 8 |  8.2
Armour         | 3 4 |  4.3
Throwing       | |  1.7

Action                   |  1- 3 |  4- 6 |  7- 9 | 10-12 | 13-15 || total
-------------------------+-------+-------+-------+-------+-------++-------
Melee: Trident           |   143 |   178 |   405 |   753 |    92 ||  1571
       Glaive            |       |     3 |    22 |     8 |       ||    33
       Spear             |       |    86 |    69 |     8 |       ||   163
       Dagger            |       |       |    19 |       |       ||    19
       Kick              |       |       |   119 |   244 |    27 ||   390
 Fire: Hunting sling     |       |       |       |     3 |       ||     3
Throw: Throwing net      |     1 |       |       |       |       ||     1
       Dart              |       |     7 |       |       |       ||     7
Invok: Recall Ancestor   |       |       |       |     6 |       ||     6
       Ancestor Life: Ba |       |       |       |     1 |       ||     1
       Idealise          |       |       |       |       |     1 ||     1
Evoke: Wand              |       |       |     3 |     5 |     1 ||     9
       Lamp of fire      |       |       |       |     1 |       ||     1
  Use: Scroll            |       |     8 |     3 |    11 |     2 ||    24
 Stab: Sleeping          |     3 |     1 |       |       |       ||     4
       Held in net/web   |     1 |       |       |       |       ||     1
       Paralysed         |       |       |     1 |       |       ||     1
       Distracted        |       |       |     2 |    10 |     1 ||    13
  Eat: Chunk             |     3 |    12 |    13 |    38 |     2 ||    68
       Ration            |       |       |     1 |     1 |       ||     2
Armor: Leather armour    |    36 |    48 |    87 |    13 |       ||   184
       Scale mail        |       |    22 |       |   128 |    38 ||   188
Dodge: Dodged            |    89 |   198 |   313 |   442 |   113 ||  1155
